cohdb
Replays
Latest Replays
All Replays
Popular Replays
Top Player Replays
Match Explorer
How It Works
Community
CoH3 Stats
Reddit
Sign in to upload your games and track your stats! →
Sign in with Steam
Match 40888557
Unlisted
Match 40888557
Overview
Messages
Build Orders
End
Construct Weapon Support Center
Selects Heavy Weapons
M1919 Machine Gun Team
M1919 Machine Gun Team
Construct Barracks
Riflemen Squad
Selects M2HB .50cal Heavy Machine Gun
Riflemen Squad
Mechanized Support Center
Selects Assault Carriers
M3 Assault Carrier
M3 Assault Carrier
M3 Assault Carrier
M3 Assault Carrier
Selects Exchangeable Parts
M3 Assault Carrier
M3 Assault Carrier
Selects Gallant Stand
M3 Assault Carrier
M3 Assault Carrier
Designate Forward Repair Station
kenleung
zxcv
蛤,你说蛤?
coreygaries837
CommieKillerz
嫂子开门我是我哥
皮皮
ASVOIERG
0
0
Comments
sign in to comment!
No comments posted yet!